 Dungeon Sprint DCSS version 0.31.0-12-g77e489cdc1 (webtiles) character file.

Game seed: 6581763054626865205

21 Minsecho the Slasher (level 2, -1/15 (18) HPs)
             Began as a Tengu Reaver on Feb 18, 2024.
             Slain by Crazy Yiuf
             ... wielding a +4 quarterstaff of chaos
              (10 damage)
             ... in the Dungeon (Sprint III: "The Ten Rune Challenge").
             The game lasted 00:01:04 (113 turns).

Minsecho the Slasher (Tengu Reaver)                  Turns: 113, Time: 00:01:04

HP:   -1/15 (18)    AC:  3    Str: 12    XL:     2   Next: 83%
MP:   5/6           EV: 12    Int: 13    God:
Gold: 0             SH:  0    Dex: 12    Spells: 4/5 levels left

rFire   . . .        a - +0 falchion
rCold   . . .        (no shield)
rNeg    . . .        b - +0 leather armour
rPois   .            (helmet restricted)
rElec   .            (no cloak)
rCorr   .            (no gloves)
SInv    .            (boots unavailable)
Will    .....        (no amulet)
Stlth   +            (no ring)
HPRegen 0.22/turn    (no ring)
MPRegen 0.10/turn

%: no teleportation, acrobat
@: hasted, heavily drained, very quick
A: beak, talons 3, acrobatic
a: no special abilities


You were in the Dungeon.
You visited 1 branch

Inventory:

Hand Weapons
 a - a +0 falchion (weapon)
Armour
 b - a +0 leather armour (worn)
Scrolls
 h - a scroll of blinking
 i - a scroll of fear {unknown}
Potions
 c - a potion of curing
 d - a potion of heal wounds
 f - 2 potions of magic
 g - a potion of berserk rage


   Skills:
 * Level 2.7 Fighting
 * Level 5.2 Long Blades
 + Level 0.3 Armour
 + Level 2.8 Dodging
 + Level 2.3 Spellcasting
 + Level 5.1 Conjurations


You had 4 spell levels left.
You knew the following spells:

 Your Spells              Type           Power      Damage    Failure   Level
a - Kiss of Death         Conj/Necr      32%        2d7       11%         1

Your spell library contained the following spells:

 Spells                   Type           Power      Damage    Failure   Level
 Momentum Strike          Conj/Tloc      16%        3d8       16%         2
 Hailstorm                Conj/Ice       8%         3d5       32%         3


Dungeon Overview and Level Annotations

Branches:
Dungeon (1/1)

Altars:

Annotations:
D Crazy Yiuf


Innate Abilities, Weirdness & Mutations

You have a beak for a mouth.
You have claws for feet.
You can magically evade attacks while moving or waiting.


Message History

The human hits you but does no damage.
You closely miss the human. You claw the human. Your peck misses the human.
The human is severely wounded.
The human hits you.
You barely miss the human.
The human is severely wounded.
The human closely misses you.
You hit the human.
The human is almost dead.
The human misses you.
You barely miss the human. You claw the human.
You peck the human, but do no damage.
The human is almost dead.
The human misses you.
You closely miss the human. Your kick misses the human.
The human is almost dead.
The human hits you.
You hit the human.
You kill the human!
Your life force feels restored.
Your Long Blades skill gained 2 levels and is now at level 5!
Your Conjurations skill increases to level 5!
You have reached level 2!
You start resting.
HP restored.
Crazy Yiuf the Enlightened comes into view.
He is wielding a +4 quarterstaff of chaos.
Crazy Yiuf shouts!
You aren't carrying any items that you can evoke.
Okay, then.
The negative energy hits Crazy Yiuf.
Crazy Yiuf is drained!
Crazy Yiuf is moderately wounded.
You feel drained.
Crazy Yiuf hits you with a +4 quarterstaff of chaos.
Crazy Yiuf burns you.
Okay, then.
Unknown command.
You feel yourself speed up.
Crazy Yiuf hits you with a +4 quarterstaff of chaos!
Ouch! That really hurt!
You die...

▓▓▓▓ ▓▓▓▓▓ ▓<.#
+...♣♣♣♣ ▓..#
#....♣.♣ ♣.#
▓#'####......♣ ..#
▓.....#....~♣♣♣♣..#
▓.....#...~~♣.....#
▓.....#..~~~~.♣...+
▓####'#.@~≈≈~~~...#
▓(..†.#g~~≈~~~....#
▓.....#.~≈~~~.....#
▓.....#.~~~.......#
▓'#####...........#
▓.................#
▓▓▓▓▓▓▓▓▓▓▓▓▓▓▓▓▓▓▓


You could see Crazy Yiuf (very drained).

Vanquished Creatures
  A human (D)
  4 rats (D)
5 creatures vanquished.

Notes
Turn   | Place    | Note
-------+----------+-------------------------------------------
     0 | D        | Minsecho the Tengu Reaver began the quest for the Orb.
     0 | D        | Reached XP level 1. HP: 12/12 MP: 4/4
    53 | D        | Reached skill level 5 in Long Blades
    53 | D        | Reached skill level 5 in Conjurations
    53 | D        | Reached XP level 2. HP: 9/18 MP: 6/6
    95 | D        | Noticed Crazy Yiuf
   113 | D        | Slain by Crazy Yiuf

Illustrated notes

Levels and vault maps discovered:
D:        dungeon_sprint_mu [sprint_mu_entry_forest, sprint_mu_temple_rooms,
          sprint_mu_d1_spiders, sprint_mu_d2_genie, sprint_mu_d3_branching,
          sprint_mu_orc_legion, sprint_mu_elf_gauntlet, sprint_mu_hive_nellie,
          sprint_mu_lair_fedhas, sprint_mu_vaults_butterflies,
          sprint_mu_slime_circle, sprint_mu_swamp_cave, sprint_mu_snake_twists,
          sprint_mu_blade_basic, sprint_mu_crypt_lich, sprint_mu_tomb_spiral,
          sprint_mu_vestibule_basic, sprint_mu_gehenna_hellfire,
          sprint_mu_dis_giant, sprint_mu_tartarus_statrot,
          sprint_mu_cocytus_islands, sprint_mu_zot1]

Skill      XL: |  1 |
---------------+----+-----
Long Blades    | 5 |  5.2
Conjurations   | 5 |  5.1
Fighting       | |  2.7
Armour         | |  0.3
Dodging        | |  2.8
Spellcasting   | |  2.3

Action                     || total
---------------------------++-------
  Melee: Falchion          ||    26
         Kick              ||     6
         Peck              ||     3
   Cast: Kiss of Death     ||     2
    Use: Potion            ||     1
 Armour: Leather armour    ||    14
  Dodge: Dodged            ||    15
